 Dungeon Crawl Stone Soup version 0.30-a0-46-g5a63ccc183 (webtiles) character file.

Game seed: 12245564206927242376

4 pascalblue the Caller (level 1, 0/10 HPs)
             Began as a Deep Elf Summoner on Sept 1, 2022.
             Slain by a kobold
             ... wielding a +0 club
              (4 damage)
             ... on level 1 of the Dungeon.
             The game lasted 00:00:48 (150 turns).

pascalblue the Caller (Deep Elf Summoner)            Turns: 150, Time: 00:00:48

Health: 0/10       AC:  2    Str:  5    XL:     1   Next: 50%
Magic:  4/6        EV: 12    Int: 19    God:
Gold:   8          SH:  0    Dex: 15    Spells: 5/6 levels left

rFire   . . .      SeeInvis .    (no weapon)
rCold   . . .      Faith    .    (no shield)
rNeg    . . .      Spirit   .    a - +0 robe
rPois   .          Reflect  .    (no helmet)
rElec   .          Harm     .    (no cloak)
rCorr   .          Rampage  .    (no gloves)
Will    .....                    (no boots)
Stlth   ++........               (no amulet)
HPRegen 0.03/turn                (no ring)
MPRegen 0.10/turn                (no ring)

@: no status effects
A: no striking features
a: no special abilities


You were on level 1 of the Dungeon.
You visited 1 branch of the dungeon, and saw 1 of its levels.

You collected 8 gold pieces.

Inventory:

Armour
 a - a +0 robe (worn)
Scrolls
 c - a scroll of identify {unknown}
Potions
 b - a potion of magic
 d - a potion of invisibility {unknown}


   Skills:
 + Level 2.5 Dodging
 + Level 2.5 Stealth
 + Level 3.1 Spellcasting
 * Level 4.5 Summonings


You had 5 spell levels left.
You knew the following spells:

 Your Spells              Type           Power      Damage    Failure   Level
a - Summon Small Mammal   Summ           80%        N/A       2%          1

Your spell library contained the following spells:

 Spells                   Type           Power      Damage    Failure   Level
 Call Imp                 Summ           20%        N/A       3%          2
 Call Canine Familiar     Summ           20%        N/A       7%          3
 Summon Guardian Golem    Hex/Summ       11%        N/A       19%         3
 Summon Lightning Spire   Summ/Air       11%        N/A       52%         4


Dungeon Overview and Level Annotations

Branches:
Dungeon (1/15)

Altars:


Message History

You hit the hobgoblin.
The hobgoblin is almost dead.
Your bat hits the hobgoblin.
The hobgoblin dies!
What are your orders? t - Shout!
Orders for allies: a - Attack new target. r - Retreat! s - Stop attacking. g - Guard the area. f - Follow me.
Anything else - Cancel.
Gang up on whom?
Press: ? - help, Dir - move target, f - rat
Aim: a rat (ally target) Attack!
The rat twitches its whiskers.
The rat closely misses you.
You hit the rat.
The rat is heavily wounded.
Your bat closely misses the rat.
The rat barely misses you.
You hit the rat.
You kill the rat!
Your bat hits the kobold but does no damage.
Your bat closely misses the kobold.
Your bat completely misses the kobold.
The kobold hits you with a +0 club. What are your orders? t - Shout!
Orders for allies: a - Attack new target. r - Retreat! s - Stop attacking. g - Guard the area. f - Follow me.
Anything else - Cancel.
Gang up on whom?
Press: ? - help, Dir - move target, f - kobold
Aim: a kobold, wielding a +0 club (ally target) Attack!
Your bat barely misses the kobold.
Your bat closely misses the kobold.
The kobold hits you with a +0 club.
Your bat hits the kobold but does no damage.
You hit the kobold.
The kobold is severely wounded.
Your bat closely misses the kobold.
The kobold hits you with a +0 club.
You die...

##..#.#.#.#.#.#
#...............
#..#.#.#.#.#.#.#..
#.............$...
#).#.#.#.#.#.#.#
#.#.....†.....#
#...#.#.#.#.#.#
##.......b...#
##..#.#.#@#.#
#.#....Kb.....#
#.###......##.#
#.# ######## #.#
#.#### #....#
####.# #§# #


You could see a kobold (ally target) and 2 friendly bats.

Vanquished Creatures
  A rat (D:1)
1 creature vanquished.

Vanquished Creatures (collateral kills)
  A hobgoblin (D:1)
  A frilled lizard (D:1)
  2 rats (D:1)
4 creatures vanquished.

Grand Total: 5 creatures vanquished

Notes
Turn   | Place    | Note
-------+----------+-------------------------------------------
     0 | D:1      | pascalblue the Deep Elf Summoner began the quest for the
                  | Orb.
     0 | D:1      | Reached XP level 1. HP: 10/10 MP: 6/6
   150 | D:1      | Slain by a kobold

Illustrated notes

Levels and vault maps discovered:
D:1:      dreamdust_arrival_beginning_and_end, layout_loops_ring, serial_shops,
          shop, ebering_ecumenical_altar_sacrificial, hex_medium,
          dreamdust_princess_corridor

Action                   || total
-------------------------++-------
Melee: Unarmed           ||     6
 Cast: Summon Small Mamm ||     7
Armor: Robe              ||     1
Dodge: Dodged            ||    11

Table legend: (Time is in decaauts)
 A = Elapsed time spent in this place.
 B = Non-inter-level travel time spent in this place.
 C = Inter-level travel time spent in this place.
 D = Time resting spent in this place.
 E = Time spent auto-exploring this place.
 F = Levels seen in this place.
 G = Mean time per level.
                   A        B        C        D        E       F      G
               +--------+--------+--------+--------+--------+-----+--------+
         Total |    150 |    150 |      0 |      0 |    106 |   1 |  150.0 |
       Dungeon |    150 |    150 |      0 |      0 |    106 |   1 |  150.0 |
               +--------+--------+--------+--------+--------+-----+--------+

Top non-repeatable levels by time:
     D:1: 150 daAuts
